Flames vs Stars

Created - Thursday, December 24, 2015 at 04:26

Goals
1 2 3 T
Flames 2 1 2 5
Stars 0 1 3 4
Shots
1 2 3 T
Flames 9 4 16 29
Stars 4 10 18 32

1st period

1. Flames , Jason Pominville 14 (Jason Spezza) at 1:32 (PP)
2. Flames , David Savard 2 (Sean Monahan, Jason Pominville) at 16:02

Penalties :
Mike Richards (Dal) for Hooking (Minor) at 1:26, Alex Petrovic (Dal) for Tripping (Minor) at 1:50, Alexander Wennberg (Dal) for Diving (Minor) at 7:32, David Savard (Cal) for Hooking (Minor) at 11:02, Aaron Johnson (Dal) for Hooking (Minor) at 16:05

2nd period

3. Flames , Brian Campbell 4 (Dougie Hamilton) at 12:43 (PP)
4. Stars , Alexandre Burrows 5 (Matt Tennyson, Erik Haula) at 14:03

Penalties :
David Savard (Cal) for Hooking (Minor) at 2:48, Alexander Wennberg (Dal) for Hooking (Minor) at 7:17, Mike Richards (Dal) for Holding (Minor) at 11:22

3rd period

5. Stars , Alexandre Burrows 6 (Casey Cizikas, John Moore) at 4:10
6. Stars , Brett Ritchie 5 (Casey Cizikas, John Moore) at 6:03 (PP)
7. Flames , TJ Brodie 1 (Michael Frolik, Aleksander Barkov) at 9:05
8. Flames , Sean Monahan 19 (Johnny Gaudreau, Ryan Murray) at 10:11 (PP)
9. Stars , Casey Cizikas 5 (Gabriel Bourque, Brett Ritchie) at 14:58 (PP)

Penalties :
John Moore (Dal) for Delaying the game (Minor) at 0:03, Dougie Hamilton (Cal) for Slashing (Minor) at 4:41, Alex Petrovic (Dal) for Hooking (Minor) at 9:50, Dougie Hamilton (Cal) for Hooking (Minor) at 13:51, Alexandre Burrows (Dal) for Hooking (Minor) at 17:05

Goalie Stats

James Reimer (Cal), 28 saves from 32 shots - (0.875), W, 6-2-0, 60:00 minutes
Tom McCollum (Dal), 24 saves from 29 shots - (0.828), L, 3-13-0, 59:51 minutes

Players Stats for Flames

Player Name              G  A  P  +/- PIM S  H  SB GA TA FO     MP     PP MP  PK MP  
------------------------------------------------------------------------------------
Aleksander Barkov        0  1  1   0  0   1  0  1  2  0  6/12   13:38   0:00   3:05 
Brian Campbell           1  0  1  -1  0   1  1  0  0  1  0/0    23:40   6:48   3:10 
Chris Kunitz             0  0  0   0  0   0  0  0  1  1  0/0    10:06   0:00   0:00 
David Savard             1  0  1  -1  4   4  1  1  0  1  0/0    13:28   0:00   1:22 
Dougie Hamilton          0  1  1   0  4   1  4  0  0  1  0/0    21:54   6:48   1:55 
Jaden Schwartz           0  0  0  -1  0   1  1  0  3  0  0/2    17:49   6:29   0:00 
Jason Pominville         1  1  2   1  0   2  1  0  0  1  0/0    16:30   6:38   0:00 
Jason Spezza             0  1  1  -1  0   2  2  0  3  0  7/17   17:49   6:29   0:00 
John Klingberg           0  0  0   1  0   2  2  1  0  0  0/0    21:02   6:54   0:00 
Johnny Gaudreau          0  1  1   1  0   2  0  0  3  0  0/1    17:22   7:04   0:00 
Lance Bouma              0  0  0   0  0   0  2  0  1  1  0/0    10:49   0:00   3:22 
Martin St. Louis         0  0  0  -1  0   3  0  1  1  0  1/1    18:38   6:39   0:00 
Michael Frolik           0  1  1   0  0   2  0  0  3  0  0/0    13:53   0:00   3:05 
Mikael Backlund          0  0  0   0  0   0  1  0  0  0  7/10   11:11   0:09   3:22 
Reilly Smith             0  0  0   0  0   0  1  0  0  0  0/0     7:59   0:34   0:00 
Ryan Murray              0  1  1   0  0   1  0  1  0  1  0/0    21:27   6:54   2:46 
Sean Monahan             1  1  2   1  0   5  1  0  5  0  9/16   17:22   7:04   0:00 
TJ Brodie                1  0  1   1  0   2  0  3  1  1  0/0    18:52   0:00   3:41 

Players Stats for Stars

Player Name              G  A  P  +/- PIM S  H  SB GA TA FO     MP     PP MP  PK MP  
------------------------------------------------------------------------------------
Aaron Johnson            0  0  0   0  2   0  1  1  0  0  0/0     7:40   0:00   2:16 
Alex Petrovic            0  0  0   2  4   2  4  1  0  1  0/0    23:54   3:16   5:46 
Alexander Wennberg       0  0  0  -2  4   2  0  2  2  1  8/11   14:26   0:00   0:00 
Alexandre Burrows        2  0  2   2  2   4  1  0  1  1  0/0     9:19   0:00   0:00 
Brett Ritchie            1  1  2   0  0   6  1  1  1  1  2/6    23:24   3:29   8:52 
Casey Cizikas            1  2  3   2  0   4  2  0  2  0  2/5    18:01   3:44   4:14 
Daniel Paille            0  0  0  -1  0   1  0  0  0  1  0/0    18:20   2:58   0:26 
Devin Setoguchi          0  0  0  -2  0   3  1  0  7  2  1/1    16:37   2:58   0:00 
Erik Haula               0  1  1   2  0   0  1  2  0  0  6/18   21:36   2:43   8:42 
Gabriel Bourque          0  1  1   0  0   2  0  0  2  1  1/2    14:14   3:29   5:10 
Jamie Oleksiak           0  0  0   0  0   0  1  4  0  1  0/0    27:25   3:11   7:22 
John Moore               0  2  2  -2  2   0  2  1  0  1  0/0    28:45   3:11   5:15 
Jonathan Drouin          0  0  0  -1  0   0  0  1  0  0  0/0     4:41   0:00   0:00 
Manny Malhotra           0  0  0   0  0   3  0  0  1  1  6/11   10:01   0:00   0:00 
Matt Tennyson            0  1  1   2  0   3  0  1  1  0  0/0    24:55   3:16   6:45 
Mike Richards            0  0  0   0  4   2  0  1  0  3  3/5    14:15   0:00   0:00 
Patrik Nemeth            0  0  0   0  0   0  0  0  0  0  0/0     0:00   0:00   0:00 
Ryan Wilson              0  0  0  -2  0   0  0  0  0  0  0/0     8:36   0:00   0:00 

3 Stars

1 - Casey Cizikas (Dal)
2 - Alexandre Burrows (Dal)
3 - Sean Monahan (Cal)

Power Play

Flames - 3 on 9 Attempt(s) - 33.33%
Stars - 2 on 4 Attempt(s) - 50.00%

Penalty Kill

Flames - 2 on 4 Attempt(s) - 50.00% - Score 0 goal in Penalty Kill
Stars - 6 on 9 Attempt(s) - 66.67% - Score 0 goal in Penalty Kill

Team Stat

Flames - Hits : 17 - Faceoff Wins : 30 - Blocked Shots : 8 - Penalty Minutes : 8
Stars - Hits : 14 - Faceoff Wins : 29 - Blocked Shots : 15 - Penalty Minutes : 18

Official

Referees : Unknown
Linesman : Unknown

Game Notes

No Game Note

Finance

Level 1 -- Attendance: 3716 (61.93%) -- Ticket Income $371,600
Level 2 -- Attendance: 3228 (64.56%) -- Ticket Income $193,680
Level 3 -- Attendance: 1372 (68.60%) -- Ticket Income $48,020
Level 4 -- Attendance: 3072 (76.80%) -- Ticket Income $61,440
Luxury Box -- Attendance: 721 (72.10%) -- Ticket Income $144,200
Game was played at the American Airlines Arena.
Total Attendance: 12109 (67.27%)
Total Ticket Income: $818,940
Other Income: $401,281
Total Income: $1,220,221

Flames

5 vs 5 Forward 
   Center                   Left Wing                Right Wing               Time % Phy DF OF 
 1 Jason Spezza             Jaden Schwartz           Martin St. Louis         30     0   1  4  
 2 Sean Monahan             Johnny Gaudreau          Jason Pominville         25     0   1  4  
 3 Aleksander Barkov        Chris Kunitz             Michael Frolik           25     0   2  3  
 4 Mikael Backlund          Lance Bouma              Reilly Smith             20     1   2  2  

5 vs 5 Defense 
   Defense                  Defense                                           Time % Phy DF OF 
 1 TJ Brodie                John Klingberg                                    35     1   2  2  
 2 Ryan Murray              Dougie Hamilton                                   30     1   2  2  
 3 Brian Campbell           David Savard                                      25     1   2  2  
 4 TJ Brodie                Dougie Hamilton                                   10     1   2  2  

PowerPlay Forward 
   Center                   Left Wing                Right Wing               Time % Phy DF OF 
 1 Jason Spezza             Jaden Schwartz           Jason Pominville         50     0   0  5  
 2 Sean Monahan             Johnny Gaudreau          Martin St. Louis         50     0   0  5  

PowerPlay Defense
   Defense                  Defense                                           Time % Phy DF OF 
 1 Brian Campbell           Dougie Hamilton                                   50     0   1  4  
 2 Ryan Murray              John Klingberg                                    50     0   1  4  

Penalty Kill 4 Players Forward 
   Center                   Wing                     Time % Phy DF OF 
 1 Aleksander Barkov        Michael Frolik           50     0   5  0  
 2 Mikael Backlund          Lance Bouma              50     0   5  0  

Penalty Kill 4 Players Defense
   Defense                  Defense                  Time % Phy DF OF 
 1 TJ Brodie                David Savard             50     0   5  0  
 2 Ryan Murray              Brian Campbell           50     0   5  0  

Penalty Kill - 3 Players Forward 
   Forward                                           Time % Phy DF OF 
 1 Aleksander Barkov                                 50     0   5  0  
 2 Mikael Backlund                                   50     0   5  0  

Penalty Kill - 3 Players Defense
   Defense                  Defense                  Time % Phy DF OF 
 1 TJ Brodie                Brian Campbell           50     0   5  0  
 2 Ryan Murray              David Savard             50     0   5  0  

4 vs 4 Forward 
   Center                   Wing                     Time % Phy DF OF 
 1 Jason Spezza             Martin St. Louis         50     1   2  2  
 2 Sean Monahan             Johnny Gaudreau          50     1   2  2  

4 vs 4 Defense
   Defense                  Defense                  Time % Phy DF OF 
 1 TJ Brodie                Dougie Hamilton          50     1   2  2  
 2 Brian Campbell           John Klingberg           50     1   2  2  

Last Minutes Offensive
   Center                   Left Wing                Right Wing               Defense                  Defense                  
   Jason Spezza             Jaden Schwartz           Martin St. Louis         John Klingberg           Dougie Hamilton          

Last Minutes Defensive
   Center                   Left Wing                Right Wing               Defense                  Defense                  
   Mikael Backlund          Lance Bouma              Michael Frolik           TJ Brodie                David Savard             

Goaltenders
Starting : James Reimer             
Backup : Antti Niemi              

Extra Forwards
Normal : Reilly Smith, Mikael Backlund, Aleksander Barkov - PP : Reilly Smith, Mikael Backlund - PK : Reilly Smith
Extra Defensemen
Normal : Dougie Hamilton, TJ Brodie, Brian Campbell - PP : TJ Brodie - PK : Dougie Hamilton, Brian Campbell
Penalty Shots
Jason Spezza, Sean Monahan, Jason Pominville, Johnny Gaudreau, Martin St. Louis

Stars

5 vs 5 Forward 
   Center                   Left Wing                Right Wing               Time % Phy DF OF 
 1 Manny Malhotra           Mike Richards            Brett Ritchie            35     1   2  2  
 2 Alexander Wennberg       Daniel Paille            Devin Setoguchi          30     1   2  2  
 3 Casey Cizikas            Erik Haula               Alexandre Burrows        22     1   2  2  
 4 Mike Richards            Gabriel Bourque          Jonathan Drouin          13     1   2  2  

5 vs 5 Defense 
   Defense                  Defense                                           Time % Phy DF OF 
 1 Jamie Oleksiak           John Moore                                        35     1   2  2  
 2 Alex Petrovic            Matt Tennyson                                     30     1   2  2  
 3 Ryan Wilson              John Moore                                        22     1   2  2  
 4 Aaron Johnson            Jamie Oleksiak                                    13     1   2  2  

PowerPlay Forward 
   Center                   Left Wing                Right Wing               Time % Phy DF OF 
 1 Brett Ritchie            Casey Cizikas            Gabriel Bourque          60     1   2  2  
 2 Erik Haula               Daniel Paille            Devin Setoguchi          40     1   2  2  

PowerPlay Defense
   Defense                  Defense                                           Time % Phy DF OF 
 1 Jamie Oleksiak           John Moore                                        60     1   2  2  
 2 Alex Petrovic            Matt Tennyson                                     40     1   2  2  

Penalty Kill 4 Players Forward 
   Center                   Wing                     Time % Phy DF OF 
 1 Erik Haula               Brett Ritchie            60     1   2  2  
 2 Gabriel Bourque          Casey Cizikas            40     1   2  2  

Penalty Kill 4 Players Defense
   Defense                  Defense                  Time % Phy DF OF 
 1 Jamie Oleksiak           John Moore               60     1   2  2  
 2 Alex Petrovic            Matt Tennyson            40     1   2  2  

Penalty Kill - 3 Players Forward 
   Forward                                           Time % Phy DF OF 
 1 Casey Cizikas                                     60     1   2  2  
 2 Gabriel Bourque                                   40     1   2  2  

Penalty Kill - 3 Players Defense
   Defense                  Defense                  Time % Phy DF OF 
 1 Jamie Oleksiak           John Moore               60     1   2  2  
 2 Alex Petrovic            Matt Tennyson            40     1   2  2  

4 vs 4 Forward 
   Center                   Wing                     Time % Phy DF OF 
 1 Brett Ritchie            Erik Haula               60     1   2  2  
 2 Gabriel Bourque          Casey Cizikas            40     1   2  2  

4 vs 4 Defense
   Defense                  Defense                  Time % Phy DF OF 
 1 Jamie Oleksiak           John Moore               60     1   2  2  
 2 Alex Petrovic            Matt Tennyson            40     1   2  2  

Last Minutes Offensive
   Center                   Left Wing                Right Wing               Defense                  Defense                  
   Manny Malhotra           Mike Richards            Brett Ritchie            Jamie Oleksiak           John Moore               

Last Minutes Defensive
   Center                   Left Wing                Right Wing               Defense                  Defense                  
   Manny Malhotra           Mike Richards            Brett Ritchie            Jamie Oleksiak           John Moore               

Goaltenders
Starting : Tom McCollum             
Backup : Justin Peters            

Extra Forwards
Normal : Erik Haula, Gabriel Bourque, Brett Ritchie - PP : Erik Haula, Gabriel Bourque - PK : Gabriel Bourque
Extra Defensemen
Normal : Ryan Wilson, John Moore, Aaron Johnson - PP : Ryan Wilson - PK : Jamie Oleksiak, Aaron Johnson
Penalty Shots
Gabriel Bourque, Erik Haula, Brett Ritchie, Casey Cizikas, Mike Richards

% Time on Ice - Flames

Lines # - Real PCT - Wanted PCT - Time Play
Normal Forward
1 - 30% - 30% - 12:00
2 - 26% - 25% - 10:18
3 - 26% - 25% - 10:06
4 - 18% - 20% - 7:12
Normal Defense
1 - 37% - 35% - 14:47
2 - 30% - 30% - 11:47
3 - 30% - 25% - 11:41
4 - 3% - 10% - 1:21
PP Forward
1 - 48% - 50% - 6:38
2 - 52% - 50% - 7:04
PP Defense
1 - 50% - 50% - 6:48
2 - 50% - 50% - 6:54
PK Forward
1 - 48% - 50% - 3:05
2 - 52% - 50% - 3:22
PK Defense
1 - 57% - 50% - 3:41
2 - 43% - 50% - 2:46
PK3 Forward
1 - 0% - 50%
2 - 0% - 50%
PK3 Defense
1 - 0% - 50%
2 - 0% - 50%
44 Forward
1 - 0% - 50%
2 - 0% - 50%
44 Defense
1 - 0% - 50%
2 - 0% - 50%
Last Minute Offensive  - 0:00
Last Minute Defensive  - 0:15
Total
Forward - 60:00
Defense - 60:00

% Time on Ice - Stars

Lines # - Real PCT - Wanted PCT - Time Play
Normal Forward
1 - 32% - 35% - 12:30
2 - 36% - 30% - 14:10
3 - 22% - 22% - 8:40
4 - 11% - 13% - 4:16
Normal Defense
1 - 29% - 35% - 11:37
2 - 37% - 30% - 14:46
3 - 22% - 22% - 8:36
4 - 12% - 13% - 4:37
PP Forward
1 - 54% - 60% - 3:29
2 - 46% - 40% - 2:58
PP Defense
1 - 49% - 60% - 3:11
2 - 51% - 40% - 3:16
PK Forward
1 - 70% - 60% - 9:33
2 - 30% - 40% - 4:09
PK Defense
1 - 51% - 60% - 6:57
2 - 49% - 40% - 6:45
PK3 Forward
1 - 0% - 60%
2 - 0% - 40%
PK3 Defense
1 - 0% - 60%
2 - 0% - 40%
44 Forward
1 - 0% - 60%
2 - 0% - 40%
44 Defense
1 - 0% - 60%
2 - 0% - 40%
Last Minute Offensive  - 0:15
Last Minute Defensive  - 0:00
Total
Forward - 60:00
Defense - 60:00

Play by Play

1st period


0:01 of 1st period - Jason Spezza wins face-off versus Manny Malhotra in neutral zone.
0:36 of 1st period - Snap shot by Martin St. Louis.
0:36 of 1st period - Shot Misses the Net.
0:38 of 1st period - Slapshot by Martin St. Louis.
0:38 of 1st period - Shot Blocked by Jamie Oleksiak.
0:52 of 1st period - Manny Malhotra is hit by Sean Monahan and loses puck.
1:26 of 1st period - Minor Penalty to Mike Richards for Hooking.
1:27 of 1st period - Jason Spezza wins face-off versus Erik Haula in Stars zone.
1:32 of 1st period - Snap shot by Jason Pominville.
1:32 of 1st period - Goal by Jason Pominville - Flames : 1 - Stars : 0.
1:33 of 1st period - Alexander Wennberg wins face-off versus Aleksander Barkov in neutral zone.
1:50 of 1st period - Minor Penalty to Alex Petrovic for Tripping.
1:51 of 1st period - Sean Monahan wins face-off versus Erik Haula in Stars zone.
2:10 of 1st period - Wrist shot by Brett Ritchie.
2:10 of 1st period - Shot Misses the Net.
2:27 of 1st period - Wrist shot by Johnny Gaudreau.
2:27 of 1st period - Deflect By Sean Monahan.
2:27 of 1st period - Deflect By Brett Ritchie.
2:27 of 1st period - Stopped by Tom McCollum with a rebound.
2:29 of 1st period - Slapshot by John Klingberg.
2:29 of 1st period - Stopped by Tom McCollum with a rebound.
2:49 of 1st period - Jamie Oleksiak is hit by Jason Spezza and loses puck.
3:00 of 1st period - Matt Tennyson is hit by John Klingberg and loses puck.
3:09 of 1st period - Slapshot by Jason Spezza.
3:09 of 1st period - Shot Misses the Net.
3:24 of 1st period - Off-side.
3:25 of 1st period - Erik Haula wins face-off versus Sean Monahan in neutral zone.
3:50 of 1st period - Penalty to Alex Petrovic is over, Alex Petrovic is back on ice.
3:52 of 1st period - Jaden Schwartz is hit by Alex Petrovic and loses puck.
4:27 of 1st period - Snap shot by Devin Setoguchi.
4:27 of 1st period - Stopped by James Reimer with a rebound.
5:10 of 1st period - David Savard is hit by John Moore and loses puck.
5:23 of 1st period - Snap shot by Chris Kunitz.
5:23 of 1st period - Shot Misses the Net.
5:25 of 1st period - Slapshot by David Savard.
5:25 of 1st period - Stopped by Tom McCollum without a rebound.
5:26 of 1st period - Sean Monahan wins face-off versus Mike Richards in Stars zone.
5:41 of 1st period - Jason Pominville is hit by Aaron Johnson and loses puck.
6:10 of 1st period - Wrist shot by Jason Spezza.
6:10 of 1st period - Shot Blocked by Alex Petrovic.
6:12 of 1st period - Slapshot by Ryan Murray.
6:12 of 1st period - Stopped by Tom McCollum without a rebound.
6:13 of 1st period - Manny Malhotra wins face-off versus Jason Spezza in Stars zone.
7:17 of 1st period - Backhand shot by Michael Frolik.
7:17 of 1st period - Shot Misses the Net.
7:19 of 1st period - Wrist shot by TJ Brodie.
7:19 of 1st period - Shot Blocked by John Moore.
7:21 of 1st period - Slapshot by Chris Kunitz.
7:21 of 1st period - Shot Misses the Net.
7:32 of 1st period - Minor Penalty to Alexander Wennberg for Diving.
7:33 of 1st period - Erik Haula wins face-off versus Johnny Gaudreau in Stars zone.
8:29 of 1st period - Erik Haula is hit by Brian Campbell and loses puck.
8:53 of 1st period - Off-side.
8:54 of 1st period - Gabriel Bourque wins face-off versus Sean Monahan in neutral zone.
9:05 of 1st period - Sean Monahan is hit by Alex Petrovic and loses puck.
9:10 of 1st period - Wrist shot by Casey Cizikas.
9:10 of 1st period - Shot Blocked by Martin St. Louis.
9:32 of 1st period - Penalty to Alexander Wennberg is over, Alexander Wennberg is back on ice.
10:11 of 1st period - Gabriel Bourque is hit by Dougie Hamilton and loses puck.
10:22 of 1st period - Snap shot by Jonathan Drouin.
10:22 of 1st period - Shot Blocked by TJ Brodie.
11:02 of 1st period - Minor Penalty to David Savard for Hooking.
11:03 of 1st period - Aleksander Barkov wins face-off versus Erik Haula in Flames zone.
11:32 of 1st period - Wrist shot by Brett Ritchie.
11:32 of 1st period - Stopped by James Reimer with a rebound.
11:34 of 1st period - Slapshot by Matt Tennyson.
11:34 of 1st period - Deflect By Brett Ritchie.
11:34 of 1st period - Deflect By Lance Bouma.
11:34 of 1st period - Stopped by James Reimer with a rebound.
11:36 of 1st period - Snap shot by Matt Tennyson.
11:36 of 1st period - Stopped by James Reimer with a rebound.
12:25 of 1st period - Alex Petrovic is hit by Lance Bouma and loses puck.
12:36 of 1st period - Gabriel Bourque is hit by Lance Bouma and loses puck.
13:02 of 1st period - Penalty to David Savard is over, David Savard is back on ice.
13:02 of 1st period - John Moore is hit by David Savard and loses puck.
13:17 of 1st period - Slapshot by Mike Richards.
13:17 of 1st period - Shot Misses the Net.
13:23 of 1st period - Gabriel Bourque is hit by Jason Pominville and loses puck.
14:49 of 1st period - Ryan Murray is hit by Alex Petrovic and loses puck.
14:55 of 1st period - Icing by Ryan Murray.
14:56 of 1st period - Casey Cizikas wins face-off versus Mikael Backlund in Flames zone.
15:50 of 1st period - Snap shot by Johnny Gaudreau.
15:50 of 1st period - Shot Misses the Net.
15:54 of 1st period - Wrist shot by Jason Pominville.
15:54 of 1st period - Shot Misses the Net.
15:56 of 1st period - Slapshot by David Savard.
15:56 of 1st period - Shot Blocked by Alexander Wennberg.
15:58 of 1st period - Wrist shot by Sean Monahan.
15:58 of 1st period - Stopped by Tom McCollum with a rebound.
16:00 of 1st period - Wrist shot by David Savard.
16:00 of 1st period - Shot Hit the Post.
16:02 of 1st period - Slapshot by David Savard.
16:02 of 1st period - Goal by David Savard - Flames : 2 - Stars : 0.
16:03 of 1st period - Manny Malhotra wins face-off versus Jason Spezza in neutral zone.
16:05 of 1st period - Minor Penalty to Aaron Johnson for Hooking.
16:06 of 1st period - Erik Haula wins face-off versus Jason Spezza in Stars zone.
16:16 of 1st period - Snap shot by Jason Spezza.
16:16 of 1st period - Stopped by Tom McCollum without a rebound.
16:17 of 1st period - Erik Haula wins face-off versus Jason Spezza in Stars zone.
16:32 of 1st period - Slapshot by John Moore.
16:32 of 1st period - Deflect By Erik Haula.
16:32 of 1st period - Shot Blocked by Ryan Murray.
16:32 of 1st period - Puck is out of play.
16:33 of 1st period - Sean Monahan wins face-off versus Erik Haula in Flames zone.
17:24 of 1st period - Gabriel Bourque is hit by Jaden Schwartz.
17:38 of 1st period - Wrist shot by Jaden Schwartz.
17:38 of 1st period - Shot Misses the Net.
18:05 of 1st period - Penalty to Aaron Johnson is over, Aaron Johnson is back on ice.
18:28 of 1st period - Snap shot by Devin Setoguchi.
18:28 of 1st period - Shot Misses the Net.
19:05 of 1st period - Icing by Daniel Paille.
19:06 of 1st period - Mikael Backlund wins face-off versus Casey Cizikas in Stars zone.
19:09 of 1st period - Backhand shot by Dougie Hamilton.
19:09 of 1st period - Stopped by Tom McCollum with a rebound.
19:50 of 1st period - Snap shot by Jonathan Drouin.
19:50 of 1st period - Shot Misses the Net.
19:52 of 1st period - Slapshot by John Moore.
19:52 of 1st period - Shot Misses the Net.
Goals for this period are 2 for Flames vs 0 for Stars.
Shots for this period are 9 for Flames vs 4 for Stars.

2nd period


0:01 of 2nd period - Manny Malhotra wins face-off versus Jason Spezza in neutral zone.
0:27 of 2nd period - Jamie Oleksiak is hit by Dougie Hamilton and loses puck.
1:13 of 2nd period - Snap shot by Alexandre Burrows.
1:13 of 2nd period - Stopped by James Reimer with a rebound.
1:48 of 2nd period - Slapshot by Alexander Wennberg.
1:48 of 2nd period - Deflect By Devin Setoguchi.
1:48 of 2nd period - Shot Blocked by TJ Brodie.
1:48 of 2nd period - Puck is out of play.
1:49 of 2nd period - Alexander Wennberg wins face-off versus Aleksander Barkov in Flames zone.
2:02 of 2nd period - Snap shot by Devin Setoguchi.
2:02 of 2nd period - Stopped by James Reimer with a rebound.
2:48 of 2nd period - Minor Penalty to David Savard for Hooking.
2:49 of 2nd period - Mikael Backlund wins face-off versus Brett Ritchie in Flames zone.
3:02 of 2nd period - Slapshot by Brian Campbell.
3:02 of 2nd period - Shot Misses the Net.
3:04 of 2nd period - Slapshot by Ryan Murray.
3:04 of 2nd period - Deflect By Mikael Backlund.
3:04 of 2nd period - Shot Hit the Post.
3:04 of 2nd period - Puck is out of play.
3:05 of 2nd period - Mikael Backlund wins face-off versus Brett Ritchie in Stars zone.
4:28 of 2nd period - Jamie Oleksiak is hit by Dougie Hamilton and loses puck.
4:48 of 2nd period - Penalty to David Savard is over, David Savard is back on ice.
4:55 of 2nd period - Michael Frolik is hit by Devin Setoguchi and loses puck.
5:13 of 2nd period - Off-side.
5:14 of 2nd period - Mike Richards wins face-off versus Jason Spezza in neutral zone.
6:20 of 2nd period - Casey Cizikas is hit by Dougie Hamilton and loses puck.
7:17 of 2nd period - Minor Penalty to Alexander Wennberg for Hooking.
7:18 of 2nd period - Sean Monahan wins face-off versus Erik Haula in Stars zone.
7:56 of 2nd period - Snap shot by Matt Tennyson.
7:56 of 2nd period - Stopped by James Reimer with a rebound.
9:17 of 2nd period - Penalty to Alexander Wennberg is over, Alexander Wennberg is back on ice.
9:57 of 2nd period - Wrist shot by Michael Frolik.
9:57 of 2nd period - Shot Misses the Net.
9:59 of 2nd period - Slapshot by TJ Brodie.
9:59 of 2nd period - Deflect By Michael Frolik.
9:59 of 2nd period - Stopped by Tom McCollum with a rebound.
10:01 of 2nd period - Slapshot by TJ Brodie.
10:01 of 2nd period - Deflect By Aleksander Barkov.
10:01 of 2nd period - Shot Misses the Net.
10:01 of 2nd period - Puck is out of play.
10:02 of 2nd period - Mike Richards wins face-off versus Mikael Backlund in Stars zone.
10:12 of 2nd period - Snap shot by Brian Campbell.
10:12 of 2nd period - Shot Blocked by Jonathan Drouin.
10:14 of 2nd period - Slapshot by David Savard.
10:14 of 2nd period - Stopped by Tom McCollum with a rebound.
10:28 of 2nd period - Slapshot by Brian Campbell.
10:28 of 2nd period - Shot Blocked by Mike Richards.
10:54 of 2nd period - Snap shot by Alexander Wennberg.
10:54 of 2nd period - Stopped by James Reimer without a rebound.
10:55 of 2nd period - Alexander Wennberg wins face-off versus Sean Monahan in Flames zone.
11:04 of 2nd period - Backhand shot by Alexander Wennberg.
11:04 of 2nd period - Shot Misses the Net.
11:06 of 2nd period - Slapshot by Alexander Wennberg.
11:06 of 2nd period - Shot Misses the Net.
11:22 of 2nd period - Minor Penalty to Mike Richards for Holding.
11:23 of 2nd period - Jason Spezza wins face-off versus Erik Haula in Stars zone.
11:36 of 2nd period - Snap shot by Jason Spezza.
11:36 of 2nd period - Shot Blocked by Jamie Oleksiak.
11:38 of 2nd period - Slapshot by John Klingberg.
11:38 of 2nd period - Shot Blocked by Jamie Oleksiak.
11:40 of 2nd period - Slapshot by Ryan Murray.
11:40 of 2nd period - Shot Blocked by Erik Haula.
11:42 of 2nd period - Snap shot by Jaden Schwartz.
11:42 of 2nd period - Shot Blocked by Erik Haula.
11:44 of 2nd period - Slapshot by John Klingberg.
11:44 of 2nd period - Deflect By John Moore.
11:44 of 2nd period - Stopped by Tom McCollum without a rebound.
11:45 of 2nd period - Sean Monahan wins face-off versus Erik Haula in Stars zone.
12:14 of 2nd period - Wrist shot by Johnny Gaudreau.
12:14 of 2nd period - Shot Blocked by Matt Tennyson.
12:36 of 2nd period - Dougie Hamilton is hit by Alex Petrovic and loses puck.
12:43 of 2nd period - Slapshot by Brian Campbell.
12:43 of 2nd period - Goal by Brian Campbell - Flames : 3 - Stars : 0.
12:44 of 2nd period - Alexander Wennberg wins face-off versus Aleksander Barkov in neutral zone.
13:04 of 2nd period - Icing by Jamie Oleksiak.
13:05 of 2nd period - Jason Spezza wins face-off versus Alexander Wennberg in Stars zone.
13:30 of 2nd period - Wrist shot by Jason Spezza.
13:30 of 2nd period - Shot Misses the Net.
14:03 of 2nd period - Snap shot by Alexandre Burrows.
14:03 of 2nd period - Goal by Alexandre Burrows - Flames : 3 - Stars : 1.
14:04 of 2nd period - Sean Monahan wins face-off versus Mike Richards in neutral zone.
14:13 of 2nd period - Wrist shot by Jonathan Drouin.
14:13 of 2nd period - Shot Misses the Net.
14:15 of 2nd period - Snap shot by Mike Richards.
14:15 of 2nd period - Shot Misses the Net.
14:55 of 2nd period - Michael Frolik is hit by Casey Cizikas and loses puck.
15:04 of 2nd period - Ryan Murray is hit by Casey Cizikas.
16:22 of 2nd period - Wrist shot by Jason Spezza.
16:22 of 2nd period - Shot Misses the Net.
16:24 of 2nd period - Slapshot by Jaden Schwartz.
16:24 of 2nd period - Shot Misses the Net.
16:28 of 2nd period - Wrist shot by Jaden Schwartz.
16:28 of 2nd period - Shot Misses the Net.
16:30 of 2nd period - Slapshot by Brian Campbell.
16:30 of 2nd period - Deflect By Martin St. Louis.
16:30 of 2nd period - Shot Misses the Net.
16:30 of 2nd period - Puck is out of play.
16:31 of 2nd period - Manny Malhotra wins face-off versus Jason Spezza in Stars zone.
17:51 of 2nd period - Slapshot by Devin Setoguchi.
17:51 of 2nd period - Shot Misses the Net.
17:53 of 2nd period - Slapshot by Ryan Wilson.
17:53 of 2nd period - Shot Blocked by John Klingberg.
17:57 of 2nd period - Snap shot by Alexander Wennberg.
17:57 of 2nd period - Stopped by James Reimer without a rebound.
17:58 of 2nd period - Aleksander Barkov wins face-off versus Alexander Wennberg in Flames zone.
18:08 of 2nd period - Off-side.
18:09 of 2nd period - Aleksander Barkov wins face-off versus Manny Malhotra in neutral zone.
18:35 of 2nd period - Snap shot by Brett Ritchie.
18:35 of 2nd period - Stopped by James Reimer with a rebound.
18:37 of 2nd period - Snap shot by Manny Malhotra.
18:37 of 2nd period - Stopped by James Reimer with a rebound.
19:00 of 2nd period - Slapshot by Matt Tennyson.
19:00 of 2nd period - Shot Misses the Net.
19:02 of 2nd period - Slapshot by Daniel Paille.
19:02 of 2nd period - Stopped by James Reimer without a rebound.
19:03 of 2nd period - Alexander Wennberg wins face-off versus Jason Spezza in Flames zone.
19:22 of 2nd period - Snap shot by Devin Setoguchi.
19:22 of 2nd period - Stopped by James Reimer with a rebound.
19:50 of 2nd period - Brian Campbell is hit by Erik Haula and loses puck.
Goals for this period are 1 for Flames vs 1 for Stars.
Shots for this period are 4 for Flames vs 10 for Stars.

3rd period


0:01 of 3rd period - Manny Malhotra wins face-off versus Sean Monahan in neutral zone.
0:03 of 3rd period - Minor Penalty to John Moore for Delaying the game.
0:04 of 3rd period - Erik Haula wins face-off versus Jaden Schwartz in Stars zone.
0:14 of 3rd period - Wrist shot by Jason Pominville.
0:14 of 3rd period - Shot Blocked by Aaron Johnson.
0:16 of 3rd period - Slapshot by Brian Campbell.
0:16 of 3rd period - Deflect By Jason Spezza.
0:16 of 3rd period - Shot Blocked by Jamie Oleksiak.
0:16 of 3rd period - Puck is out of play.
0:17 of 3rd period - Erik Haula wins face-off versus Jaden Schwartz in Stars zone.
1:39 of 3rd period - Jamie Oleksiak is hit by Jason Spezza and loses puck.
2:03 of 3rd period - Penalty to John Moore is over, John Moore is back on ice.
2:58 of 3rd period - Alex Petrovic is hit by Reilly Smith and loses puck.
3:10 of 3rd period - Matt Tennyson is hit by Mikael Backlund and loses puck.
3:31 of 3rd period - Snap shot by Mike Richards.
3:31 of 3rd period - Shot Blocked by Aleksander Barkov.
3:33 of 3rd period - Backhand shot by Manny Malhotra.
3:33 of 3rd period - Stopped by James Reimer without a rebound.
3:34 of 3rd period - Aleksander Barkov wins face-off versus Manny Malhotra in Flames zone.
3:34 of 3rd period - Aleksander Barkov is hit by John Moore.
4:10 of 3rd period - Snap shot by Alexandre Burrows.
4:10 of 3rd period - Goal by Alexandre Burrows - Flames : 3 - Stars : 2.
4:11 of 3rd period - Mike Richards wins face-off versus Sean Monahan in neutral zone.
4:41 of 3rd period - Minor Penalty to Dougie Hamilton for Slashing.
4:42 of 3rd period - Aleksander Barkov wins face-off versus Erik Haula in Flames zone.
5:08 of 3rd period - Backhand shot by Devin Setoguchi.
5:08 of 3rd period - Shot Misses the Net.
5:10 of 3rd period - Snap shot by Devin Setoguchi.
5:10 of 3rd period - Shot Misses the Net.
5:30 of 3rd period - Wrist shot by Casey Cizikas.
5:30 of 3rd period - Shot Misses the Net.
5:32 of 3rd period - Slapshot by Matt Tennyson.
5:32 of 3rd period - Stopped by James Reimer with a rebound.
5:34 of 3rd period - Snap shot by Matt Tennyson.
5:34 of 3rd period - Shot Misses the Net.
5:38 of 3rd period - Wrist shot by Gabriel Bourque.
5:38 of 3rd period - Stopped by James Reimer without a rebound.
5:39 of 3rd period - Brett Ritchie wins face-off versus Mikael Backlund in Flames zone.
5:47 of 3rd period - Wrist shot by Brett Ritchie.
5:47 of 3rd period - Stopped by James Reimer without a rebound.
5:48 of 3rd period - Mikael Backlund wins face-off versus Brett Ritchie in Flames zone.
6:03 of 3rd period - Snap shot by Brett Ritchie.
6:03 of 3rd period - Goal by Brett Ritchie - Flames : 3 - Stars : 3.
6:04 of 3rd period - Alexander Wennberg wins face-off versus Jason Spezza in neutral zone.
7:19 of 3rd period - Wrist shot by Johnny Gaudreau.
7:19 of 3rd period - Stopped by Tom McCollum without a rebound.
7:20 of 3rd period - Mikael Backlund wins face-off versus Manny Malhotra in Stars zone.
7:21 of 3rd period - Wrist shot by Reilly Smith.
7:21 of 3rd period - Shot Misses the Net.
7:29 of 3rd period - Snap shot by Brett Ritchie.
7:29 of 3rd period - Stopped by James Reimer with a rebound.
7:31 of 3rd period - Slapshot by Alex Petrovic.
7:31 of 3rd period - Deflect By Brian Campbell.
7:31 of 3rd period - Stopped by James Reimer with a rebound.
7:33 of 3rd period - Slapshot by Matt Tennyson.
7:33 of 3rd period - Shot Misses the Net.
7:57 of 3rd period - Wrist shot by Manny Malhotra.
7:57 of 3rd period - Shot Blocked by David Savard.
9:03 of 3rd period - Wrist shot by Michael Frolik.
9:03 of 3rd period - Stopped by Tom McCollum with a rebound.
9:05 of 3rd period - Wrist shot by TJ Brodie.
9:05 of 3rd period - Goal by TJ Brodie - Flames : 4 - Stars : 3.
9:06 of 3rd period - Manny Malhotra wins face-off versus Jason Spezza in neutral zone.
9:50 of 3rd period - Minor Penalty to Alex Petrovic for Hooking.
9:51 of 3rd period - Brett Ritchie wins face-off versus Sean Monahan in Stars zone.
10:09 of 3rd period - Slapshot by Sean Monahan.
10:09 of 3rd period - Shot Misses the Net.
10:11 of 3rd period - Wrist shot by Sean Monahan.
10:11 of 3rd period - Goal by Sean Monahan - Flames : 5 - Stars : 3.
10:12 of 3rd period - Casey Cizikas wins face-off versus Sean Monahan in neutral zone.
10:23 of 3rd period - Slapshot by Alexandre Burrows.
10:23 of 3rd period - Stopped by James Reimer with a rebound.
10:25 of 3rd period - Slapshot by Alexandre Burrows.
10:25 of 3rd period - Shot Misses the Net.
10:27 of 3rd period - Wrist shot by Erik Haula.
10:27 of 3rd period - Shot Misses the Net.
10:33 of 3rd period - Wrist shot by Casey Cizikas.
10:33 of 3rd period - Stopped by James Reimer without a rebound.
10:34 of 3rd period - Alexander Wennberg wins face-off versus Aleksander Barkov in Flames zone.
10:38 of 3rd period - Icing by Ryan Murray.
10:39 of 3rd period - Devin Setoguchi wins face-off versus Aleksander Barkov in Flames zone.
10:51 of 3rd period - Wrist shot by Chris Kunitz.
10:51 of 3rd period - Shot Misses the Net.
10:53 of 3rd period - Wrist shot by Aleksander Barkov.
10:53 of 3rd period - Stopped by Tom McCollum without a rebound.
10:54 of 3rd period - Alexander Wennberg wins face-off versus Aleksander Barkov in Stars zone.
11:36 of 3rd period - Off-side.
11:37 of 3rd period - Jason Spezza wins face-off versus Manny Malhotra in neutral zone.
11:46 of 3rd period - Wrist shot by Mike Richards.
11:46 of 3rd period - Stopped by James Reimer with a rebound.
11:48 of 3rd period - Slapshot by Alex Petrovic.
11:48 of 3rd period - Stopped by James Reimer with a rebound.
11:50 of 3rd period - Wrist shot by Manny Malhotra.
11:50 of 3rd period - Shot Blocked by TJ Brodie.
11:52 of 3rd period - Snap shot by Manny Malhotra.
11:52 of 3rd period - Stopped by James Reimer without a rebound.
11:53 of 3rd period - Sean Monahan wins face-off versus Casey Cizikas in Flames zone.
12:12 of 3rd period - Slapshot by Sean Monahan.
12:12 of 3rd period - Stopped by Tom McCollum with a rebound.
12:36 of 3rd period - Casey Cizikas is hit by John Klingberg and loses puck.
13:08 of 3rd period - Snap shot by Martin St. Louis.
13:08 of 3rd period - Stopped by Tom McCollum with a rebound.
13:10 of 3rd period - Slapshot by Dougie Hamilton.
13:10 of 3rd period - Shot Misses the Net.
13:22 of 3rd period - Dougie Hamilton is hit by Brett Ritchie and loses puck.
13:51 of 3rd period - Minor Penalty to Dougie Hamilton for Hooking.
13:52 of 3rd period - Aleksander Barkov wins face-off versus Erik Haula in Flames zone.
14:06 of 3rd period - David Savard is hit by Jamie Oleksiak and loses puck.
14:36 of 3rd period - Off-side.
14:37 of 3rd period - Mikael Backlund wins face-off versus Brett Ritchie in neutral zone.
14:56 of 3rd period - Snap shot by Gabriel Bourque.
14:56 of 3rd period - Shot Hit the Post.
14:58 of 3rd period - Wrist shot by Casey Cizikas.
14:58 of 3rd period - Goal by Casey Cizikas - Flames : 5 - Stars : 4.
14:59 of 3rd period - Martin St. Louis wins face-off versus Alexander Wennberg in neutral zone.
15:04 of 3rd period - Slapshot by Jaden Schwartz.
15:04 of 3rd period - Shot Misses the Net.
15:06 of 3rd period - Wrist shot by Martin St. Louis.
15:06 of 3rd period - Stopped by Tom McCollum with a rebound.
15:08 of 3rd period - Slapshot by TJ Brodie.
15:08 of 3rd period - Shot Blocked by Alexander Wennberg.
15:10 of 3rd period - Wrist shot by Jaden Schwartz.
15:10 of 3rd period - Stopped by Tom McCollum with a rebound.
15:31 of 3rd period - Backhand shot by Jason Spezza.
15:31 of 3rd period - Shot Hit the Post.
15:33 of 3rd period - Wrist shot by Jason Spezza.
15:33 of 3rd period - Stopped by Tom McCollum with a rebound.
15:35 of 3rd period - Snap shot by TJ Brodie.
15:35 of 3rd period - Stopped by Tom McCollum with a rebound.
15:37 of 3rd period - Slapshot by John Klingberg.
15:37 of 3rd period - Shot Misses the Net.
15:51 of 3rd period - Slapshot by Johnny Gaudreau.
15:51 of 3rd period - Stopped by Tom McCollum with a rebound.
16:03 of 3rd period - Snap shot by Jason Pominville.
16:03 of 3rd period - Stopped by Tom McCollum with a rebound.
16:05 of 3rd period - Slapshot by Sean Monahan.
16:05 of 3rd period - Stopped by Tom McCollum with a rebound.
16:07 of 3rd period - Slapshot by Brian Campbell.
16:07 of 3rd period - Shot Misses the Net.
16:09 of 3rd period - Slapshot by David Savard.
16:09 of 3rd period - Stopped by Tom McCollum with a rebound.
16:59 of 3rd period - Snap shot by Mike Richards.
16:59 of 3rd period - Stopped by James Reimer without a rebound.
17:00 of 3rd period - Mikael Backlund wins face-off versus Casey Cizikas in Flames zone.
17:00 of 3rd period - Mikael Backlund is hit by Alexandre Burrows.
17:05 of 3rd period - Minor Penalty to Alexandre Burrows for Hooking.
17:06 of 3rd period - Jason Spezza wins face-off versus Erik Haula in Stars zone.
17:22 of 3rd period - Slapshot by Jason Pominville.
17:22 of 3rd period - Shot Blocked by Brett Ritchie.
18:22 of 3rd period - Wrist shot by Casey Cizikas.
18:22 of 3rd period - Stopped by James Reimer with a rebound.
18:24 of 3rd period - Snap shot by Casey Cizikas.
18:24 of 3rd period - Stopped by James Reimer with a rebound.
18:26 of 3rd period - Snap shot by Gabriel Bourque.
18:26 of 3rd period - Stopped by James Reimer without a rebound.
18:27 of 3rd period - Jason Spezza wins face-off versus Gabriel Bourque in Flames zone.
18:55 of 3rd period - Off-side.
18:56 of 3rd period - Dan Bylsma call a timeout for Stars.
18:56 of 3rd period - Sean Monahan wins face-off versus Erik Haula in neutral zone.
19:03 of 3rd period - Snap shot by Martin St. Louis.
19:03 of 3rd period - Stopped by Tom McCollum without a rebound.
19:04 of 3rd period - Sean Monahan wins face-off versus Erik Haula in Stars zone.
19:05 of 3rd period - Penalty to Alexandre Burrows is over, Alexandre Burrows is back on ice.
19:51 of 3rd period - Stars, Tom McCollum is pulled from the net.
19:59 of 3rd period - Snap shot by Mike Richards.
19:59 of 3rd period - Shot Misses the Net.
Goals for this period are 2 for Flames vs 3 for Stars.
Shots for this period are 16 for Flames vs 18 for Stars.